Map: 16-Bit LE

Players

Wardi

  • Race: Terran Terran
  • Spawn Location: 7:00

Hjax - Winner!

  • Race: Protoss Protoss
  • Spawn Location: 1:00

Event: WCS Austin 2018

VOD

Have the link to the VOD?

Description

Time

  • Played on: June 1, 2018, 3:04 p.m.
  • Length: 18:52

All games in this series

Show
View Real Time Build Order
Export as new Build Order

Wardi Terran 

Build Orders: Command Center First (CC), MMM Bio 

Get SALT Encoding   

  12  0:00  SCV  
  13  0:13  SCV  
  14  0:19  Supply Depot  
  14  0:25  SCV  
  15  0:41  SCV  
  16  0:53  SCV  
  17  1:05  Command Center, SCV  
  18  1:16  Barracks  
  18  1:20  SCV  
  19  1:29  Refinery  
  19  1:30  Refinery  
  19  1:38  Barracks  
  19  1:43  SCV  
  20  1:52  Barracks  
  20  2:03  Orbital Command  
  20  2:06  Marine  
  21  2:19  Orbital Command  
  21  2:25  Marine  
  21  2:28  Marine  
  21  2:29  Supply Depot  
  23  2:31  SCV  
  24  2:39  Refinery  
  24  2:40  Marine  
  24  2:43  Marine  
  26  2:44  Refinery  
  26  2:46  SCV  
  26  2:49  SCV  
  28  2:52  Marine  
  28  2:58  Marine, SCV  
  31  3:01  SCV  
  31  3:05  Marine  
  33  3:12  Marine  
  33  3:14  SCV x2  
  33  3:16  Barracks Tech Lab  
  36  3:20  Supply Depot  
  36  3:23  Barracks Reactor  
  36  3:32  SCV x2  
  38  3:35  Barracks Tech Lab  
  38  3:43  Stimpack, Marine  
  38  3:47  Engineering Bay  
  38  3:48  SCV x2  
  41  3:50  Refinery  
  41  3:54  Supply Depot  
  41  3:55  Marine  
  41  4:00  Marine x2, SCV x2  
  41  4:01  Combat Shields  
  46  4:07  Marauder  
  48  4:12  SCV x2  
  48  4:15  Engineering Bay  
  50  4:20  Missile Turret  
  50  4:22  Terran Infantry Weapons Level 1, Missile Turret  
  50  4:28  Marauder, Marine  
  50  4:29  Marine  
  54  4:33  Marauder  
  54  4:35  SCV  
  54  4:37  SCV  
  58  4:48  SCV, Factory  
  58  4:49  SCV  
  58  4:50  Supply Depot  
  60  4:54  Supply Depot  
  62  5:00  Marauder  
  62  5:11  SCV  
  62  5:12  Marauder, Marine, SCV  
  66  5:18  Marine  
  67  5:21  Marauder, Concussive Shells  
  67  5:24  SCV  
  67  5:25  SCV  
  69  5:30  Terran Infantry Armor Level 1  
  69  5:32  Factory Reactor  
  69  5:33  Starport  
  66  5:44  Marauder x2, Marine x2  
  66  5:47  SCV x2  
  74  5:59  SCV  
  74  6:00  SCV  
  76  6:13  Barracks, Command Center  
  76  6:16  Barracks  
  76  6:18  Armory  
  76  6:19  Refinery, Factory Reactor  
  76  6:20  Missile Turret  
  76  6:21  SCV  
  77  6:27  Medivac  
  78  6:41  Medivac, SCV x2  
  78  6:44  Supply Depot  
  78  6:46  Supply Depot  
  82  6:48  Marauder  
  82  6:49  Marauder  
  86  7:04  Barracks Reactor, Barracks Tech Lab  
  86  7:05  Medivac, Marine x2  
  86  7:06  Widow Mine, SCV x2  
  94  7:11  Medivac  
  94  7:25  Marine x2  
  94  7:26  Orbital Command, Marauder x3  
  102  7:35  Widow Mine x2, SCV  
  102  7:36  SCV  
  102  7:37  Terran Infantry Weapons Level 2  
  108  7:45  Marine x2  
  108  7:47  Marauder x2  
  108  7:49  Marine  
  108  7:50  Marauder  
  117  8:05  Refinery  
  117  8:06  Medivac  
  117  8:08  Marauder  
  112  8:13  Marine x3  
  112  8:14  Marauder  
  117  8:34  Marine x2  
  117  8:37  Widow Mine  
  117  8:39  Widow Mine, Medivac  
  117  8:40  Marauder  
  117  8:41  Marauder  
  116  8:48  Marine x2  
  99  8:52  Marine x2  
  99  8:53  Marauder  
  101  9:01  Marauder  
  101  9:02  Marauder  
  102  9:06  Marine x2  
  101  9:10  Marine  
  101  9:11  Medivac x2, Marine  
  101  9:12  Widow Mine x2, SCV x2  
  101  9:14  Marauder  
  101  9:15  Starport  
  101  9:16  Terran Infantry Armor Level 2  
  115  9:17  Terran Ship Weapons Level 1  
  115  9:20  Refinery  
  115  9:22  Command Center  
  115  9:23  Marauder  
  117  9:43  Marine x2  
  117  9:44  Marauder x3, Supply Depot  
  125  9:46  Supply Depot  
  125  9:47  Supply Depot  
  125  9:55  Marine x2  
  125  9:56  Medivac, Widow Mine x2  
  133  10:06  Marauder x2, Medivac  
  115  10:22  Marine  
  115  10:23  Marauder, Marine x2  
  115  10:24  Widow Mine  
  115  10:26  Viking  
  115  10:28  Marauder  
  120  10:29  Terran Infantry Weapons Level 3  
  120  10:36  Viking  
  120  10:37  Starport Reactor  
  120  10:42  Marine x2  
  126  10:43  Marauder, Widow Mine  
  126  10:44  SCV x2  
  126  10:45  Marauder  
  126  10:46  Marine, Supply Depot x2  
  126  10:49  Marauder  
  137  11:04  Marauder  
  137  11:06  Marauder  
  137  11:11  Marauder  
  128  11:17  Marine x3  
  122  11:18  Widow Mine, Viking x2  
  122  11:19  Widow Mine, Viking  
  132  11:25  Marauder  
  132  11:27  Marauder  
  134  11:39  Marine x2  
  135  11:40  Marauder, Viking  
  135  11:41  Widow Mine x2  
  143  11:47  Marauder  
  143  11:48  Viking x2  
  143  11:49  Marauder  
  143  11:51  Viking  
  151  11:57  Planetary Fortress  
  151  12:10  Viking  
  141  12:28  Marine x3  
  141  12:29  Marauder x2, Marine  
  109  12:40  Marine  
  105  12:46  Widow Mine x2, Marine x3  
  105  12:51  Marauder x2  
  118  12:58  Marauder  
  118  13:01  Liberator  
  118  13:12  Marauder x2  
  113  13:17  Marine x3  
  113  13:18  Widow Mine x2  
  113  13:20  Marauder  
  113  13:21  Marine  
  114  13:33  Marauder x2  
  110  13:34  Marine  
  110  13:41  Marauder  
  111  13:43  Marine  
  111  13:44  Marine x2  
  111  13:46  Widow Mine  
  112  13:52  Marine  
  112  13:53  Medivac  
  112  13:55  Marauder x2  
  119  14:00  Marine  
  119  14:02  Marauder, Marine x2  
  120  14:10  Marine  
  120  14:16  Marauder x2  
  115  14:18  Marine  
  115  14:20  Marine x2  
  115  14:23  Marine  
  110  14:35  Liberator x4  
  110  14:38  Marauder x2  
  103  14:42  Marine x3  
  103  14:43  Marauder  
  85  14:50  Marine, Missile Turret x2  
  85  14:52  Widow Mine x2  
  100  14:59  Marauder x2, Marine  
  104  15:00  Marine x2  
  104  15:04  Marauder  
  109  15:08  Marine  
  110  15:17  Marine x2  
  110  15:18  Marine  
  110  15:20  Marauder x2  
  117  15:22  Terran Infantry Armor Level 3  
  117  15:23  Terran Ship Weapons Level 2  
  117  15:25  Marauder  
  117  15:26  Marine  
  120  15:35  Medivac x4  
  127  15:42  Marauder x2  
  130  15:47  Marauder  
  130  15:48  Marine x2  
  132  16:03  Marauder x2  
  135  16:04  Medivac  
  135  16:05  Medivac  
  135  16:08  Marauder  
  134  16:24  Marine x2  
  134  16:25  Marine x4  
  133  16:27  Liberator  
  133  16:28  Liberator x3  
  133  16:29  Marine  
  122  16:42  Marine x5  
  122  16:43  Marauder  
  122  16:44  Widow Mine x2  
  145  16:47  Marauder  
  145  16:49  Barracks  
  145  16:50  Barracks  
  145  16:59  Command Center  
  145  17:00  Marine x2  
  145  17:01  Marauder  
  137  17:24  Marine x3  
  137  17:29  Marine  
  135  17:40  Marine x2  
  135  17:41  Marauder  
  116  17:44  Marine x2  
  107  18:04  Marine  
  103  18:06  Marine x4  
  103  18:07  Marauder x2  
  103  18:08  Barracks Tech Lab  
  103  18:09  Barracks Tech Lab  
  111  18:21  Marine  
  111  18:24  Marine x2, Missile Turret  
  111  18:25  Marauder  
  101  18:28  Marauder  
  101  18:29  Marauder  
Show
View Real Time Build Order
Export as new Build Order

Hjax Protoss - Winner!

Build Orders: 1 Gate Expand, Blink Stalkers 

Get SALT Encoding   

  12  0:00  Probe  
  13  0:13  Probe  
  14  0:18  Pylon  
  15  0:28  Probe  
  15  0:39  Gateway  
  15  0:40  Probe  
  16  0:48  Probe  
  16  0:53  Assimilator  
  16  0:56  Probe  
  18  1:07  Probe  
  19  1:19  Probe  
  20  1:30  Nexus  
  20  1:40  Cybernetics Core  
  20  1:42  Probe  
  21  1:48  Assimilator  
  21  1:53  Pylon  
  21  1:56  Probe  
  22  2:05  Probe  
  23  2:14  Probe  
  23  2:16  Stalker  
  23  2:17  Warp Gate  
  23  2:22  Probe  
  27  2:30  Twilight Council  
  27  2:34  Probe  
  28  2:42  Probe  
  29  2:46  Stalker  
  29  2:48  Blink  
  29  2:50  Probe  
  32  2:53  Probe  
  33  3:01  Probe  
  33  3:02  Probe  
  35  3:09  Probe  
  35  3:14  Probe  
  35  3:18  Stalker  
  39  3:21  Probe  
  39  3:26  Gateway  
  40  3:27  Probe  
  40  3:33  Probe  
  41  3:35  Gateway  
  41  3:39  Probe  
  42  3:45  Probe  
  42  3:48  Robotics Facility  
  43  3:51  Probe  
  43  3:53  Shield Battery  
  44  3:57  Pylon  
  44  3:59  Probe  
  45  4:04  Probe  
  46  4:15  Probe  
  46  4:16  Pylon  
  47  4:18  Probe  
  47  4:20  Pylon  
  48  4:25  Stalker  
  48  4:28  Observer, Probe  
  48  4:30  Probe  
  52  4:32  Stalker  
  52  4:36  Stalker  
  57  4:40  Probe  
  57  4:44  Probe  
  59  4:51  Nexus  
  59  4:54  Pylon  
  59  4:55  Pylon  
  59  4:56  Observer  
  59  4:57  Probe  
  59  4:59  Assimilator  
  61  5:00  Sentry  
  61  5:02  Assimilator  
  63  5:07  Probe  
  63  5:09  Probe  
  65  5:19  Immortal, Probe  
  70  5:21  Probe  
  71  5:31  Zealot x3  
  71  5:32  Probe  
  71  5:34  Probe  
  79  5:42  Charge  
  79  5:44  Probe  
  79  5:46  Probe  
  79  5:48  Gateway  
  80  5:51  Gateway  
  80  5:56  Zealot x2, Probe  
  85  5:58  Probe  
  85  6:03  Pylon  
  86  6:06  Shield Battery  
  86  6:12  Forge  
  86  6:13  Forge  
  86  6:17  Probe  
  86  6:18  Probe  
  88  6:32  Zealot x3  
  94  6:34  Probe  
  94  6:36  Probe, Robotics Bay  
  94  6:39  Gateway  
  96  6:42  Protoss Ground Armor Level 1, Protoss Ground Weapons Level 1  
  96  6:44  Gateway x2  
  96  6:46  Zealot, Pylon  
  98  6:51  Probe x2  
  100  7:01  Zealot x2  
  100  7:04  Probe  
  105  7:11  Robotics Facility  
  105  7:19  Stalker x2  
  105  7:22  Extended Thermal Lance  
  107  7:24  Zealot x2  
  107  7:25  Zealot, Probe  
  107  7:27  Assimilator  
  107  7:29  Assimilator  
  112  7:37  Pylon  
  112  7:38  Pylon  
  112  7:42  Pylon, Photon Cannon  
  112  7:51  Stalker x2  
  112  7:55  Colossus  
  122  8:01  Stalker x2  
  122  8:02  Stalker x3  
  122  8:13  Pylon  
  122  8:15  Zealot, Pylon  
  122  8:16  Zealot  
  120  8:22  Zealot  
  122  8:27  Zealot  
  118  8:38  Zealot  
  118  8:39  Zealot x5  
  98  8:49  Colossus  
  98  8:50  Zealot  
  92  8:59  Pylon  
  92  9:01  Protoss Ground Armor Level 2, Protoss Ground Weapons Level 2  
  96  9:04  Zealot  
  96  9:05  Zealot x6  
  96  9:09  Probe  
  109  9:11  Probe  
  110  9:17  Probe  
  110  9:19  Templar Archives  
  110  9:22  Robotics Facility  
  111  9:24  Probe  
  111  9:27  Probe  
  113  9:35  Photon Cannon  
  113  9:36  Sentry x3, Photon Cannon  
  113  9:37  Zealot x3, Sentry, Shield Battery  
  127  9:43  Zealot  
  129  9:59  Stalker x2  
  133  10:05  Pylon  
  133  10:06  Pylon  
  133  10:07  Psionic Storm, Pylon  
  133  10:09  Pylon x2  
  131  10:14  Disruptor x2  
  131  10:17  Zealot x6  
  121  10:33  Zealot x2  
  123  10:42  Pylon  
  123  10:46  High Templar x2  
  123  10:47  High Templar x2  
  123  10:49  Pylon  
  131  10:51  Observer  
  131  10:54  Stalker x4  
  140  11:20  Zealot x4  
  147  11:26  Nexus  
  147  11:30  Protoss Ground Weapons Level 3, Pylon  
  147  11:41  Protoss Ground Armor Level 3  
  147  11:45  Nexus  
  147  11:46  Dark Shrine  
  95  12:39  Zealot x8  
  95  12:43  Disruptor  
  102  13:01  Dark Templar x2  
  102  13:03  Zealot  
  102  13:04  Zealot x2  
  97  13:14  High Templar x3  
  97  13:15  Disruptor  
  94  13:31  Stalker x2  
  94  13:32  Stalker  
  100  13:36  Stalker x2  
  100  13:44  Disruptor  
  100  13:46  Robotics Facility  
  98  13:49  Robotics Facility  
  98  13:54  Dark Templar  
  103  14:02  Zealot  
  105  14:03  Zealot x6  
  114  14:17  Probe  
  114  14:20  Disruptor  
  118  14:27  Stalker  
  118  14:28  Stalker x4  
  103  14:47  Probe  
  103  14:48  Disruptor  
  103  14:49  Probe x2  
  109  14:55  Disruptor  
  109  14:59  Probe  
  113  15:01  Probe  
  113  15:05  High Templar x2, Pylon  
  113  15:06  Disruptor  
  121  15:10  Probe  
  122  15:22  Assimilator, Pylon  
  122  15:23  Dark Templar x2  
  122  15:26  Assimilator  
  126  15:30  Disruptor  
  126  15:31  Disruptor  
  132  15:43  Stalker  
  132  15:44  Stalker x3  
  132  15:49  Nexus  
  133  15:58  Stalker  
  133  15:59  Stalker x3  
  133  16:03  Photon Cannon  
  141  16:05  Photon Cannon  
  138  16:12  Disruptor  
  138  16:13  Disruptor  
  134  16:26  Dark Templar  
  134  16:27  Zealot x5  
  146  16:51  Nexus  
  144  17:04  Zealot  
  144  17:05  Zealot x7  
  146  17:31  Probe  
  138  17:45  Zealot x4  
  137  18:00  Stalker x4  
  143  18:06  Probe  
  143  18:12  Stalker x4  
  152  18:18  Nexus  
  140  18:38  Stalker x8  
Tags
 
Add a new tag
Caveats
  • Supply blocks, unpowered buildings, or Contaminate may cause inaccurate times.
  • Supply counts are checked every 10 seconds.